[Event "Titled Tuesday Blitz October 04 Early 2022"]
[White "Nakamura, Hikaru"]
[Black "Tang, Andrew"]
[WhiteFideId "2016192"]
[BlackFideId "2059630"]
[WhiteElo "2909"]
[BlackElo "2581"]
[Result "1-0"]
[Round "05"]
[TimeControl "180+1"]
[Date "2022.10.04"]
[WhiteClock "0:00:15"]
[BlackClock "0:00:04"]

1. g3 d5 2. Nf3 Nf6 3. e3 e6 4. c4 Bd6 5. Nc3 O-O 6. d4 b6 7. Bg2 Bb7 8. cxd5 exd5 9. O-O a6 10. b3 Nbd7 11. Bb2 Re8 12. Rc1 Rc8 13. Nd2 Qe7 14. Qc2 Nf8 15. Nc4 Bb4 16. Ne5 Ne6 17. Rfd1 Bd6 18. Nc4 Bb4 19. a3 Bxc3 20. Qxc3 Ba8 21. Nxb6 Rb8 22. Na4 Ng5 23. Nc5 Nfe4 24. Qd3 Nxc5 25. dxc5 Ne4 26. b4 a5 27. Qd4 Qg5 28. c6 axb4 29. axb4 f6 30. Bf1 Qf5 31. f4 Nd6 32. Bg2 Kh8 33. Bxd5 Qg4 34. e4 Rbd8 35. Re1 h5 36. Qf2 h4 37. Rc3 f5 38. e5 Nb5 39. Bf3 Qg6 40. Rc5 Na7 41. b5 Rb8 42. Be2 Nxc6 43. e6 Nd8 44. Rxc7 Nxe6 45. Ra7 Rbd8 46. Be5 Rc8 47. b6 Nc5 48. Rxg7 Qxg7 49. Bxg7+ Kxg7 50. Bf1 Ne4 51. Qb2+ Kg6 52. b7 Rb8 53. bxa8=Q Rxa8 54. Qb6+ Kg7 55. Rc1 1-0


[Site "https://www.chess.com"]

[Event "Titled Tuesday Blitz October 04 Early 2022"]
[White "Oparin, Grigoriy"]
[Black "Srihari L R"]
[WhiteFideId "24125890"]
[BlackFideId "46617116"]
[WhiteElo "2639"]
[BlackElo "2336"]
[Result "0-1"]
[Round "05"]
[TimeControl "180+1"]
[Date "2022.10.04"]
[WhiteClock "0:00:02"]
[BlackClock "0:00:07"]

1. Nf3 c5 2. c4 Nc6 3. d4 cxd4 4. Nxd4 Nf6 5. Nc3 e6 6. e4 Bb4 7. Nxc6 bxc6 8. Bd3 e5 9. O-O O-O 10. h3 Be7 11. Be3 Bb7 12. Qe2 d5 13. cxd5 cxd5 14. exd5 Nxd5 15. Nxd5 Qxd5 16. f3 Qe6 17. b3 e4 18. fxe4 Bxe4 19. Bc4 Qg6 20. Rad1 a5 21. Rd7 Bf6 22. Bc5 Rad8 23. Rfd1 Rxd7 24. Rxd7 Qf5 25. Rc7 Bd8 26. Bxf8 Bxc7 27. Ba3 Bb6+ 28. Kh2 Qe5+ 29. Kh1 Bc7 30. Kg1 Qh2+ 31. Kf2 Qxg2+ 32. Ke1 Bg3+ 33. Kd2 Bf4+ 34. Ke1 Qg1+ 35. Qf1 Qe3+ 36. Qe2 Qc3+ 37. Kf1 Qxh3+ 38. Ke1 Qc3+ 39. Kf1 Qe5 40. Bb2 Qf5 41. Qf2 Bd3+ 42. Kg2 Qg4+ 0-1


[Site "https://www.chess.com"]

[Event "Titled Tuesday Blitz October 04 Early 2022"]
[White "Sadubayev, Airat"]
[Black "Rustemov, Alexander"]
[WhiteFideId "13713264"]
[BlackFideId "4119002"]
[WhiteElo "2215"]
[BlackElo "2805"]
[Result "0-1"]
[Round "05"]
[TimeControl "180+1"]
[Date "2022.10.04"]
[WhiteClock "0:00:32"]
[BlackClock "0:00:46"]

1. e4 e6 2. d4 d5 3. e5 c5 4. c3 Qb6 5. Nf3 Bd7 6. a3 Bb5 7. c4 dxc4 8. Nc3 Nc6 9. Be3 cxd4 10. Nxd4 Ba6 11. Qa4 Qxb2 12. Rc1 Qxa3 13. Qc2 Bb4 14. Nxc6 bxc6 15. Be2 Ne7 16. O-O Qxc3 17. Qxc3 Bxc3 18. Rxc3 Nd5 19. Ra3 Bb5 20. Bc5 c3 21. Re1 Bxe2 22. Rxe2 Kd7 23. Bd6 a5 24. g3 Ra7 25. Rea2 Rha8 26. Kf1 a4 27. Ke2 Ra5 28. f4 c5 29. Ra1 Kc6 30. Kd3 g6 31. Kc4 R8a7 32. Kd3 h5 33. Ke4 Rb7 34. Kd3 Rb4 35. R1a2 Kb5 36. Ra1 Rb2 37. Ke4 Kb4 38. Bf8 Rb3 39. R3a2 a3 40. Kd3 Rb2 0-1


[Site "https://www.chess.com"]

[Event "Titled Tuesday Blitz October 04 Early 2022"]
[White "Safarli, Eltaj"]
[Black "Vaibhav Jayant Raut"]
[WhiteFideId "13402129"]
[BlackFideId "5089034"]
[WhiteElo "2634"]
[BlackElo "2147"]
[Result "1-0"]
[Round "05"]
[TimeControl "180+1"]
[Date "2022.10.04"]
[WhiteClock "0:01:04"]
[BlackClock "0:00:08"]

1. e4 c5 2. Nc3 Nc6 3. Bb5 Nd4 4. Nf3 Nxb5 5. Nxb5 d5 6. exd5 a6 7. Nc3 Nf6 8. O-O Nxd5 9. Ne4 Bg4 10. Nxc5 e6 11. d4 Bxc5 12. dxc5 O-O 13. a3 Qf6 14. c4 Ne7 15. Bg5 Qxg5 16. Nxg5 Bxd1 17. Rfxd1 Rfd8 18. Ne4 Nf5 19. b4 f6 20. Nd6 Nxd6 21. Rxd6 Kf7 22. Rad1 Rxd6 23. Rxd6 Ke7 24. Rb6 Ra7 25. f4 Kd7 26. Kf2 Ke7 27. Ke3 h6 28. h4 Kd7 29. g4 Ke7 30. Ke4 Kd7 31. a4 Ke7 32. a5 Kd7 33. h5 Ke7 34. f5 exf5+ 35. gxf5 Kd7 36. Kd5 Kc7 37. c6 bxc6+ 38. Rxc6+ Kd7 39. Rd6+ Ke7 40. c5 Rb7 41. Re6+ Kf7 42. c6 Rxb4 43. c7 Rb5+ 44. Kc6 Rb1 45. Kd7 Rc1 46. c8=Q Rd1+ 47. Kc7 1-0


[Site "https://www.chess.com"]

[Event "Titled Tuesday Blitz October 04 Early 2022"]
[White "Saydaliev, Saidakbar"]
[Black "Lazavik, Denis"]
[WhiteFideId "14203693"]
[BlackFideId "13515110"]
[WhiteElo "2276"]
[BlackElo "2437"]
[Result "1-0"]
[Round "05"]
[TimeControl "180+1"]
[Date "2022.10.04"]
[WhiteClock "0:00:20"]
[BlackClock "0:00:02"]

1. e4 c5 2. Nf3 e6 3. d4 cxd4 4. Nxd4 Nc6 5. Bf4 d6 6. Nxc6 bxc6 7. c4 Rb8 8. Qc2 Nf6 9. Nc3 e5 10. Be3 Qc7 11. Be2 Be7 12. O-O O-O 13. Rad1 Be6 14. b3 Nd7 15. Rd2 Rfd8 16. Rfd1 h6 17. h3 Nf8 18. Kh2 Bg5 19. Bxg5 hxg5 20. c5 dxc5 21. Na4 Rxd2 22. Rxd2 c4 23. Bxc4 Bxc4 24. Qxc4 Ne6 25. Nc5 Nxc5 26. Qxc5 Rb5 27. Qc4 a5 28. Rc2 Rb6 29. Qc5 Ra6 30. Rd2 Rb6 31. Qxa5 Qb8 32. Rd7 f6 33. Qd2 Kh7 34. Qd1 Qe8 35. Qd6 Qg6 36. f3 Ra6 37. a4 Qh6 38. Qe6 Qg6 39. Rd8 Rb6 40. a5 Rb5 41. a6 Ra5 42. Qc8 1-0


[Site "https://www.chess.com"]

[Event "Titled Tuesday Blitz October 04 Early 2022"]
[White "Shimanov, Aleksandr"]
[Black "Bilych, Olexiy"]
[WhiteFideId "4198603"]
[BlackFideId "14156504"]
[WhiteElo "2605"]
[BlackElo "2320"]
[Result "1-0"]
[Round "05"]
[TimeControl "180+1"]
[Date "2022.10.04"]
[WhiteClock "0:01:50"]
[BlackClock "0:00:20"]

1. e4 e5 2. Nf3 Nc6 3. Nc3 Nf6 4. h3 d5 5. exd5 Nxd5 6. Bb5 Nxc3 7. bxc3 Bd6 8. O-O O-O 9. Re1 Qf6 10. d4 exd4 11. cxd4 h6 12. Rb1 Bf5 13. Bb2 Nb4 14. Ba4 Nd5 15. Ne5 Nf4 16. Qf3 Qg5 17. Bc1 Nxh3+ 18. Qxh3 Bxh3 19. Bxg5 1-0


[Site "https://www.chess.com"]

[Event "Titled Tuesday Blitz October 04 Early 2022"]
[White "Svane, Frederik"]
[Black "Rastbod, Ali"]
[WhiteFideId "12923044"]
[BlackFideId "12567477"]
[WhiteElo "2466"]
[BlackElo "2248"]
[Result "1-0"]
[Round "05"]
[TimeControl "180+1"]
[Date "2022.10.04"]
[WhiteClock "0:00:09"]
[BlackClock "0:00:08"]

1. e3 e5 2. e4 Nf6 3. Nf3 Nxe4 4. Nc3 Nxc3 5. dxc3 d6 6. Bc4 Be7 7. h4 Be6 8. Bxe6 fxe6 9. Ng5 Bxg5 10. hxg5 g6 11. Qd3 O-O 12. Bd2 Qd7 13. Rh6 Rf7 14. O-O-O Qe7 15. Rdh1 Nd7 16. Qxg6+ Rg7 17. Qh5 Nf8 18. Rf6 Ng6 19. Qh3 Re8 20. g3 e4 21. Be3 c5 22. c4 b6 23. Bd2 d5 24. f3 d4 25. fxe4 Ne5 26. Bf4 Nxc4 27. e5 Ne3 28. g6 Nf5 29. g4 Ne3 30. Bg5 Qd7 31. Bh6 Rxg6 32. Rxg6+ hxg6 33. Bxe3 Qg7 34. Bf4 g5 35. Bg3 Rf8 36. Qg2 Qg6 37. Qh2 Kf7 38. Rf1+ Ke8 39. Rxf8+ Kxf8 40. Qf2+ Kg7 41. Qf3 Qf7 42. Qxf7+ Kxf7 43. Kd2 Ke7 44. Kd3 Kd7 45. Kc4 Kc6 46. a4 a6 47. c3 b5+ 48. axb5+ axb5+ 49. Kd3 Kd5 50. cxd4 c4+ 51. Kc3 Ke4 52. Bh2 Kf3 53. d5 exd5 54. e6 Ke3 55. Bg1+ Kf4 56. e7 1-0


[Site "https://www.chess.com"]

[Event "Titled Tuesday Blitz October 04 Early 2022"]
[White "Vaishali, Rameshbabu"]
[Black "Bharath Subramaniyam H"]
[WhiteFideId "5091756"]
[BlackFideId "46634827"]
[WhiteElo "2351"]
[BlackElo "2395"]
[Result "0-1"]
[Round "05"]
[TimeControl "180+1"]
[Date "2022.10.04"]
[WhiteClock "0:00:02"]
[BlackClock "0:01:07"]

1. e4 c5 2. Nf3 Nf6 3. e5 Nd5 4. Nc3 Nxc3 5. dxc3 Nc6 6. Bf4 Qb6 7. Rb1 Qc7 8. Qd2 e6 9. h4 b6 10. h5 h6 11. Bd3 Bb7 12. Be4 O-O-O 13. O-O Ne7 14. Bxb7+ Qxb7 15. c4 g5 16. hxg6 Nxg6 17. Bg3 h5 18. Nh4 Be7 19. Nxg6 fxg6 20. Rbd1 h4 21. Bh2 h3 22. f3 hxg2 23. Kxg2 g5 24. Qe3 Rh4 25. Bg3 Rxc4 26. c3 g4 27. Rf2 Rf8 28. Qd3 gxf3+ 29. Rxf3 Rg4 30. Kf2 Rgg8 31. Bf4 c4 32. Qxc4+ Bc5+ 33. Re3 Qg2+ 34. Ke1 Qg1+ 35. Kd2 Qf2+ 0-1


[Site "https://www.chess.com"]

[Event "Titled Tuesday Blitz October 04 Early 2022"]
[White "Vasquez Schroeder, Rodrigo"]
[Black "Visakh N R"]
[WhiteFideId "3400042"]
[BlackFideId "25012223"]
[WhiteElo "2577"]
[BlackElo "2466"]
[Result "1-0"]
[Round "05"]
[TimeControl "180+1"]
[Date "2022.10.04"]
[WhiteClock "0:01:07"]
[BlackClock "0:01:29"]

1. e4 e5 2. Nf3 Nf6 3. d3 Nc6 4. c3 g6 5. g3 Bg7 6. Bg2 O-O 7. O-O d5 8. Qc2 dxe4 9. dxe4 a5 10. a4 Qe7 11. b3 Rd8 12. Nbd2 b6 13. Ba3 Qe8 14. Rfe1 Ba6 15. Bf1 Bxf1 16. Kxf1 Bf8 17. Bxf8 Qxf8 18. Nc4 Qc5 19. Kg2 Rd7 20. Rad1 Rad8 21. Rxd7 Rxd7 22. h3 Ne8 23. Rd1 Rxd1 24. Qxd1 Nd6 25. Nxd6 cxd6 26. Qd3 Nd8 27. Nd2 Ne6 28. Nc4 b5 29. Nxd6 bxa4 30. bxa4 Qc6 31. Qd5 Qxd5 32. exd5 Nc5 33. c4 Nxa4 34. Nb7 Kf8 35. c5 Ke7 36. c6 Nb6 37. d6+ Ke6 38. d7 Nxd7 39. cxd7 Kxd7 40. Nxa5 f5 41. f4 Ke6 42. Kf3 exf4 43. Kxf4 h6 44. Nc4 g5+ 45. Kf3 Kd5 46. Ne3+ Ke5 47. g4 f4 48. Nf1 Kf6 49. Ke4 Kg6 50. Ke5 h5 51. Ke6 hxg4 52. hxg4 1-0


[Site "https://www.chess.com"]

[Event "Titled Tuesday Blitz October 04 Early 2022"]
[White "Vignesh, N R"]
[Black "Galchenko, Matvey"]
[WhiteFideId "25012215"]
[BlackFideId "24175480"]
[WhiteElo "2386"]
[BlackElo "2423"]
[Result "1-0"]
[Round "05"]
[TimeControl "180+1"]
[Date "2022.10.04"]
[WhiteClock "0:01:07"]
[BlackClock "0:00:21"]

1. d4 Nf6 2. c4 c5 3. d5 e6 4. Nc3 exd5 5. cxd5 d6 6. e4 g6 7. Be2 Bg7 8. Be3 O-O 9. Nf3 Bg4 10. Nd2 Bxe2 11. Qxe2 a6 12. a4 Re8 13. O-O Nbd7 14. h3 Rb8 15. Bf4 Qc7 16. Nc4 Bf8 17. a5 Nxe4 18. Nxe4 f5 19. Bxd6 Bxd6 20. Ncxd6 Qxd6 21. Nxd6 Rxe2 22. Nc4 Nf6 23. d6 Rbe8 24. Rad1 Kf8 25. Rd3 Rd8 26. Rfd1 Ne4 27. f3 Ng3 28. Rb3 Rc2 29. Ne3 Re2 30. Nf1 f4 31. Rxb7 h5 32. Rh7 Kg8 33. Re7 Rxd6 34. Rxd6 Rxe7 35. Nxg3 fxg3 36. Rxg6+ Kf7 37. Rxg3 Kf6 38. h4 Rb7 39. Rg5 c4 40. Rc5 Rb4 41. Kh2 Kf7 42. Kg3 Kg7 43. Rxh5 Rxb2 44. Rc5 Rb5 45. Rxc4 Rxa5 46. Rc6 Rb5 47. Rxa6 1-0


[Site "https://www.chess.com"]

[Event "Titled Tuesday Blitz October 04 Early 2022"]
[White "Vlassov, Nikolai"]
[Black "Xu, Yi"]
[WhiteFideId "4103360"]
[BlackFideId "8605564"]
[WhiteElo "2324"]
[BlackElo "2471"]
[Result "1/2-1/2"]
[Round "05"]
[TimeControl "180+1"]
[Date "2022.10.04"]
[WhiteClock "0:00:42"]
[BlackClock "0:00:58"]

1. e4 c5 2. c3 Nf6 3. e5 Nd5 4. d4 cxd4 5. cxd4 d6 6. Bc4 Nb6 7. Bb3 dxe5 8. Qh5 e6 9. dxe5 Nc6 10. Nc3 g6 11. Qg5 Qxg5 12. Bxg5 Be7 13. Bxe7 Kxe7 14. f4 Nd4 15. O-O-O Nxb3+ 16. axb3 Bd7 17. Nf3 Bc6 18. Rd3 Rad8 19. Rhd1 Rxd3 20. Rxd3 Nd5 21. Nxd5+ Bxd5 22. g3 Rc8+ 23. Kd2 Be4 24. Re3 Rd8+ 25. Ke2 Bxf3+ 26. Rxf3 Rd4 27. Rc3 Rb4 28. Kd2 Kd7 29. Rd3+ Kc7 30. Rc3+ Kb6 31. Rd3 Kc6 32. Kc3 Re4 33. Rd8 Re2 34. Rf8 Rxh2 35. Rxf7 Rg2 36. Re7 Rxg3+ 37. Kc4 b5+ 38. Kd4 Rxb3 39. Rxe6+ Kd7 40. Ra6 Rxb2 41. Rxa7+ Ke6 42. Ra6+ Ke7 43. Ra7+ Ke6 44. Ra6+ Ke7 45. Ra7+ Ke6 1/2-1/2


[Site "https://www.chess.com"]

[Event "Titled Tuesday Blitz October 04 Early 2022"]
[White "Wirig, Anthony"]
[Black "Urazayev, Arystanbek"]
[WhiteFideId "615013"]
[BlackFideId "13709810"]
[WhiteElo "2474"]
[BlackElo "2441"]
[Result "1-0"]
[Round "05"]
[TimeControl "180+1"]
[Date "2022.10.04"]
[WhiteClock "0:00:10"]
[BlackClock "0:00:17"]

1. d4 Nf6 2. Bg5 e6 3. e3 d5 4. Nd2 Be7 5. Bd3 h6 6. Bh4 O-O 7. c3 b6 8. Qe2 Bb7 9. Bxf6 Bxf6 10. f4 c5 11. Ngf3 Nc6 12. O-O a5 13. Ne5 a4 14. a3 Qc7 15. Rf3 Ne7 16. Ng4 Nf5 17. Nxf6+ gxf6 18. Bxf5 exf5 19. Rg3+ Kh7 20. Qh5 Rg8 21. Qxf5+ Rg6 22. Rxg6 fxg6 23. Qxf6 Re8 24. Nf3 Bc8 25. Ne5 Bf5 26. g4 Re6 27. Qh4 Be4 28. Rf1 b5 29. g5 h5 30. f5 Bxf5 31. Rxf5 gxf5 32. Qxh5+ Kg8 33. g6 Qe7 34. Qxf5 Rf6 35. Qg4 Qf8 36. Kg2 Qh6 37. Qc8+ Rf8 38. Qe6+ Kg7 39. Qd7+ Kg8 40. Qxd5+ Kg7 41. Qd7+ Kg8 42. Qe6+ Kg7 43. Nf3 cxd4 44. cxd4 Qxg6+ 45. Qxg6+ Kxg6 46. Ne5+ Kf5 47. Kf3 Rc8 48. e4+ Ke6 49. Ke3 Rc2 50. Nd3 Rxh2 51. d5+ Kd7 52. Kd4 Rc2 53. e5 Rc4+ 54. Ke3 Ke7 55. Nf4 Rc2 56. d6+ Kd7 57. Nd3 Ke6 58. Kd4 Rc4+ 59. Ke3 Rc2 60. Ke4 Rc4+ 61. Kf3 Rc2 62. Ke3 Rc4 63. Kd2 Rc8 64. Ke2 Rc2+ 65. Kf3 Rc4 66. Ke3 Rh4 67. Kd2 Kd5 68. Kc3 Rh3 69. d7 Rh8 70. Kb4 Kc6 71. e6 Kd6 72. Nc5 Rb8 73. Nb7+ Kxe6 74. d8=Q Rxd8 75. Nxd8+ Kd7 76. Nb7 Kc6 77. Nc5 Kb6 78. Ne4 Ka6 79. Nc3 Kb6 80. Nxb5 Ka6 81. Nc3 Kb6 82. Nxa4+ Ka6 83. Nc3 1-0


[Site "https://www.chess.com"]

[Event "Titled Tuesday Blitz October 04 Early 2022"]
[White "Wong, Yinn Long"]
[Black "Sarana, Alexey"]
[WhiteFideId "5707684"]
[BlackFideId "24133795"]
[WhiteElo "2271"]
[BlackElo "2689"]
[Result "0-1"]
[Round "05"]
[TimeControl "180+1"]
[Date "2022.10.04"]
[WhiteClock "0:00:06"]
[BlackClock "0:00:13"]

1. e4 c5 2. Nc3 d6 3. g3 g6 4. Bg2 Bg7 5. d3 Nc6 6. Nge2 Rb8 7. Be3 b5 8. Qd2 b4 9. Nd1 Bg4 10. f3 Bd7 11. O-O Nf6 12. a3 a5 13. axb4 axb4 14. Bh6 O-O 15. Bxg7 Kxg7 16. Ne3 Nd4 17. Nxd4 cxd4 18. Nc4 Be6 19. b3 Qc7 20. Ra4 Qc5 21. Ra5 Rb5 22. Rxb5 Qxb5 23. Ra1 Rb8 24. Ra5 Qc6 25. Qf2 Bxc4 26. dxc4 e5 27. Bf1 Qb6 28. Rb5 Qa7 29. Rxb8 Qxb8 30. Qe1 Nd7 31. Qa1 Qb6 32. Bd3 Nc5 33. Qa8 Qc7 34. Kg2 h5 35. Kf2 h4 36. Kg2 Qb6 37. Kh3 hxg3 38. hxg3 Qc7 39. Kg2 Ne6 40. Qe8 Qd8 41. Qxd8 Nxd8 42. f4 Ne6 43. Kf3 Kf6 44. Bf1 Nc5 45. Bd3 Kg7 46. Bf1 Kh6 47. Bd3 Kh5 48. Kg2 Kh6 49. Kf3 Kg7 50. Kg4 f5+ 51. exf5 e4 52. Be2 d3 53. cxd3 exd3 54. Bd1 Ne4 55. Kf3 Nc3 56. Ke3 Nxd1+ 57. Kd2 Nc3 58. fxg6 Ne4+ 59. Kxd3 Nc5+ 60. Kd4 Nxb3+ 61. Kd5 Nd2 62. f5 b3 63. Ke6 Ne4 64. g4 b2 65. g5 Nxg5+ 66. Ke7 b1=Q 67. f6+ Kxg6 68. f7 Qe4+ 69. Kf8 Qe6 0-1


[Site "https://www.chess.com"]

[Event "Titled Tuesday Blitz October 04 Early 2022"]
[White "Zhao, Jun"]
[Black "Abdisalimov, Abdimalik"]
[WhiteFideId "8602522"]
[BlackFideId "14206323"]
[WhiteElo "2547"]
[BlackElo "2401"]
[Result "0-1"]
[Round "05"]
[TimeControl "180+1"]
[Date "2022.10.04"]
[WhiteClock "0:00:02"]
[BlackClock "0:00:48"]

1. e4 c5 2. Nf3 d6 3. Bb5+ Nd7 4. c4 Nf6 5. Nc3 a6 6. Ba4 g6 7. d3 Bg7 8. O-O O-O 9. h3 b6 10. Be3 Bb7 11. Qd2 e6 12. Bh6 Qc7 13. Bxg7 Kxg7 14. Nh2 d5 15. Bxd7 Qxd7 16. cxd5 exd5 17. e5 Ng8 18. f4 d4 19. Ne4 Bxe4 20. dxe4 c4 21. f5 d3 22. Qc3 Qc6 23. e6+ f6 24. e5 Qc5+ 25. Kh1 fxe5 26. Ng4 Qd4 27. Nxe5 Qxc3 28. bxc3 b5 29. g4 Rad8 30. Nd7 Rxd7 31. exd7 Rd8 32. a4 Rxd7 33. axb5 axb5 34. Kg2 Nf6 35. Kf3 Nd5 36. Rac1 gxf5 37. gxf5 d2 38. Rc2 Nxc3 39. f6+ Kf7 40. Rxc3 d1=Q+ 41. Rxd1 Rxd1 42. Ke4 Kxf6 43. Ra3 b4 44. Ra4 c3 0-1


[Site "https://www.chess.com"]

[Event "Titled Tuesday Blitz October 04 Early 2022"]
[White "Abdisalimov, Abdimalik"]
[Black "Matinian, Nikita"]
[WhiteFideId "14206323"]
[BlackFideId "24129100"]
[WhiteElo "2401"]
[BlackElo "2422"]
[Result "1-0"]
[Round "06"]
[TimeControl "180+1"]
[Date "2022.10.04"]
[WhiteClock "0:00:27"]
[BlackClock "0:00:13"]

1. d4 d6 2. e4 g6 3. Nc3 Nf6 4. f4 Bg7 5. Nf3 O-O 6. Bd3 Nc6 7. e5 dxe5 8. dxe5 Nd5 9. Qd2 Nxc3 10. Qxc3 f6 11. Bb5 fxe5 12. Bxc6 bxc6 13. Nxe5 Bxe5 14. Qxe5 Rf5 15. Qe2 a5 16. O-O Ba6 17. Qe6+ Kf8 18. Re1 Qd6 19. Qe4 Re8 20. b3 Kf7 21. c4 Bc8 22. Bb2 Qxf4 23. Qe2 e5 24. Rf1 Qg5 25. Qe4 Qf6 26. Rae1 Bd7 27. g4 Rf4 28. Rxf4 Qxf4 29. Rf1 1-0


[Site "https://www.chess.com"]

[Event "Titled Tuesday Blitz October 04 Early 2022"]
[White "Andreikin, Dmitry"]
[Black "Saydaliev, Saidakbar"]
[WhiteFideId "4158814"]
[BlackFideId "14203693"]
[WhiteElo "2736"]
[BlackElo "2276"]
[Result "1-0"]
[Round "06"]
[TimeControl "180+1"]
[Date "2022.10.04"]
[WhiteClock "0:00:55"]
[BlackClock "0:00:24"]

1. Nf3 Nf6 2. g3 e6 3. Bg2 d5 4. O-O Be7 5. d3 c5 6. Bf4 Nc6 7. a4 O-O 8. e4 dxe4 9. dxe4 Nxe4 10. Ne5 Nxe5 11. Bxe5 Nd6 12. Na3 f6 13. Bf4 e5 14. Qd5+ Kh8 15. Be3 Nf5 16. Nb5 Nxe3 17. fxe3 a6 18. Nc3 Qb6 19. a5 Qxb2 20. Na4 Qxc2 21. Nb6 Rb8 22. Nxc8 Rfxc8 23. Qd7 Bf8 24. Bxb7 Rd8 25. Qc7 Qd3 26. Rfe1 c4 27. Bxa6 Bb4 28. Bxc4 Rbc8 29. Qxc8 1-0


[Site "https://www.chess.com"]

[Event "Titled Tuesday Blitz October 04 Early 2022"]
[White "Baskakov, Egor"]
[Black "Wong, Yinn Long"]
[WhiteFideId "24197866"]
[BlackFideId "5707684"]
[WhiteElo "2211"]
[BlackElo "2271"]
[Result "1-0"]
[Round "06"]
[TimeControl "180+1"]
[Date "2022.10.04"]
[WhiteClock "0:01:27"]
[BlackClock "0:00:03"]

1. e4 e6 2. Nc3 d5 3. g3 Nf6 4. Bg2 d4 5. Nce2 e5 6. d3 c5 7. h3 Nc6 8. f4 exf4 9. gxf4 c4 10. Nf3 cxd3 11. cxd3 Bb4+ 12. Bd2 Bxd2+ 13. Qxd2 O-O 14. O-O Ne8 15. Rac1 f5 16. e5 Nc7 17. Rc4 Be6 18. Ra4 b5 19. Ra3 Bd5 20. Rc1 a5 21. b4 axb4 22. Rxa8 Qxa8 23. Nexd4 Qa7 24. Qf2 Nxd4 25. Qxd4 Qa8 26. Rxc7 Bxf3 27. e6 Rf6 28. Rd7 Bxg2 29. Rd8+ Rf8 30. e7 Re8 31. Rxa8 Bxa8 32. Qe5 g6 33. Qe6+ Kg7 34. d4 Be4 35. d5 Bxd5 36. Qxd5 Rxe7 37. Qd4+ Kh6 38. Qxb4 Re4 39. Qxb5 Rxf4 40. a4 Re4 41. a5 Kg5 42. a6 Kf4 43. a7 Kg3 44. Qb3+ 1-0


[Site "https://www.chess.com"]

[Event "Titled Tuesday Blitz October 04 Early 2022"]
[White "Beerdsen, Thomas"]
[Black "Safarli, Eltaj"]
[WhiteFideId "1030108"]
[BlackFideId "13402129"]
[WhiteElo "2567"]
[BlackElo "2634"]
[Result "1/2-1/2"]
[Round "06"]
[TimeControl "180+1"]
[Date "2022.10.04"]
[WhiteClock "0:00:07"]
[BlackClock "0:00:16"]

1. e4 e5 2. Nf3 Nc6 3. d4 exd4 4. Bc4 Bc5 5. O-O d6 6. c3 Bg4 7. Nbd2 dxc3 8. bxc3 Nf6 9. h3 Bh5 10. Nb3 Bb6 11. Bg5 h6 12. Bh4 g5 13. Bg3 Nxe4 14. Re1 f5 15. Qd5 Qf6 16. a4 a6 17. a5 Ba7 18. Nbd2 O-O-O 19. Bxa6 Kd7 20. Rxe4 fxe4 21. Nxe4 Qf7 22. Bxb7 Qxd5 23. Nf6+ Ke6 24. Nxd5 Kxd5 25. Rd1+ Kc5 26. c4 Bxf3 27. gxf3 Nd4 28. a6 Rhe8 29. Kg2 c6 30. f4 Ne2 31. Bh2 Nxf4+ 32. Kf1 d5 33. cxd5 cxd5 34. Rc1+ Kd6 35. h4 d4 36. Rc6+ Ke5 37. Rxh6 d3 38. Ke1 d2+ 39. Kd1 Rh8 40. hxg5 Rxh6 41. gxh6 Rh8 42. Kxd2 Rxh6 43. Bg3 Rh8 44. Kc3 Kf5 45. Kc4 Kg5 46. Kb5 Rh6 47. Bc6 Re6 48. Bb7 Re5+ 49. Kc6 Re2 50. Kc7 Rb2 51. Bc6 Ne6+ 52. Kd7 Nf4 53. Kc8 Rb8+ 54. Kc7 Rb3 55. Kd6 Nd3 56. Bd5 Rb2 57. Kc7 Nxf2 58. Bb7 Bb6+ 59. Kb8 Ra2 60. Ka8 Nd3 61. Bb8 Nc5 62. Bd6 Nxa6 63. Bxa6 Rxa6+ 64. Kb7 Ra4 65. Kxb6 Kf5 66. Kb5 Re4 67. Kc6 Re2 68. Kb7 Ke6 69. Bc5 Kd5 70. Ba7 Rc2 71. Ka8 Kc6 72. Bb8 Ra2+ 73. Ba7 Rb2 74. Be3 Rb1 75. Bf2 Rf1 76. Be3 Rf8+ 77. Ka7 Re8 78. Bf2 Re2 79. Bg1 Rd2 80. Be3 Rb2 81. Bd4 Rc2 82. Be3 Re2 83. Bd4 Kc7 84. Ka8 Re8+ 85. Ka7 Re4 86. Bb6+ Kc6 87. Bf2 Rf4 88. Bg1 Ra4+ 89. Kb8 Ra1 90. Bf2 Rf1 91. Be3 Rf7 92. Bd4 Rb7+ 93. Ka8 Rb5 94. Bf2 Kc7 95. Bg3+ Kc8 96. Bf2 Rb2 97. Bd4 Re2 98. Bg1 Kc7 99. Bd4 Kc6 100. Bg1 Rg2 101. Be3 Rg8+ 102. Ka7 Rf8 103. Bd4 Rf7+ 104. Ka8 Rb7 105. Bf2 Kc7 106. Bg3+ Kb6 107. Bf2+ Ka6 108. Bg3 Ra7+ 109. Kb8 Rg7 110. Be5 Kb6 111. Bd4+ Kc6 112. Bxg7 1/2-1/2


[Site "https://www.chess.com"]

[Event "Titled Tuesday Blitz October 04 Early 2022"]
[White "Bodnaruk, Anastasia"]
[Black "Nigmatov, Ortik"]
[WhiteFideId "4181751"]
[BlackFideId "14202131"]
[WhiteElo "2332"]
[BlackElo "2378"]
[Result "1-0"]
[Round "06"]
[TimeControl "180+1"]
[Date "2022.10.04"]
[WhiteClock "0:00:01"]
[BlackClock "0:00:22"]

1. e4 c5 2. Nc3 d6 3. Nge2 Nc6 4. d4 cxd4 5. Nxd4 Nf6 6. Bc4 Qb6 7. Nb3 e6 8. Qe2 a6 9. g4 Ne5 10. g5 Nfg4 11. Bd3 Bd7 12. f4 Nxd3+ 13. cxd3 e5 14. h3 exf4 15. hxg4 Be6 16. Bxf4 Be7 17. Be3 Qb4 18. Nd4 Rc8 19. Rc1 Bxa2 20. Nf5 g6 21. Nxe7 Kxe7 22. Qf2 Rhe8 23. O-O Be6 24. d4 Bc4 25. d5 Bxf1 26. Rxf1 Kd7 27. Qxf7+ Re7 28. Qf2 Rce8 29. Bd4 Kc8 30. Bf6 Rd7 31. Qa7 Rc7 32. Qf2 Kb8 33. Bd4 Qc4 34. Bb6 Rce7 35. Qd4 Qb3 36. Rf2 Re5 37. Ba7+ Ka8 38. Qb6 Qxb6 39. Bxb6 Rxg5 40. Rf4 h5 41. Bc7 hxg4 42. Bxd6 g3 43. Rf3 g2 44. Rg3 Rh5 45. Rxg2 g5 46. e5 Rd8 47. Bc7 Rd7 48. d6 Rh6 49. Nd5 Ka7 50. Nf6 Rf7 51. d7 Rxd7 52. Nxd7 Rc6 53. Bd6 Rc1+ 54. Kh2 Re1 55. Rxg5 a5 56. Bc5+ Ka6 57. Rg6+ Kb5 58. Rb6+ Kc4 59. e6 a4 60. e7 a3 61. bxa3 Re2+ 62. Kg3 Re6 63. Rxe6 b6 64. Nxb6+ Kb3 65. e8=Q Ka2 66. Re2+ Ka1 67. Qe3 Kb1 68. Qg1# 1-0


[Site "https://www.chess.com"]

[Event "Titled Tuesday Blitz October 04 Early 2022"]
[White "Boros, Denes"]
[Black "Tang, Andrew"]
[WhiteFideId "722340"]
[BlackFideId "2059630"]
[WhiteElo "2464"]
[BlackElo "2581"]
[Result "1-0"]
[Round "06"]
[TimeControl "180+1"]
[Date "2022.10.04"]
[WhiteClock "0:00:06"]
[BlackClock "0:00:01"]

1. Nf3 d5 2. b3 c5 3. e3 Nc6 4. Bb5 Qb6 5. c4 dxc4 6. Bxc4 Nf6 7. Nc3 Bg4 8. h3 Bh5 9. Bb2 e6 10. Ne2 Na5 11. Bxf6 gxf6 12. Nf4 Bg6 13. O-O Nxc4 14. bxc4 Be4 15. d3 Bc6 16. Nh5 Be7 17. Ng7+ Kf8 18. Nh5 Rg8 19. Qe2 Rd8 20. e4 Qc7 21. Qe3 Rg6 22. Nf4 Rg8 23. Nh5 Ke8 24. Rad1 Qa5 25. g3 Qxa2 26. e5 Qb2 27. exf6 Bd6 28. d4 cxd4 29. Nxd4 Qb6 30. Ng7+ Kd7 31. c5 Qxc5 32. Rc1 Qb6 33. Rfd1 Kc7 34. Rb1 Qa5 35. Ra1 Qd5 36. Nxc6 Qxc6 37. Rdc1 a6 38. Rab1 Rd7 39. Qb6+ Kc8 40. Rxc6+ bxc6 41. Qxc6+ Bc7 42. Qa8+ 1-0


[Site "https://www.chess.com"]

[Event "Titled Tuesday Blitz October 04 Early 2022"]
[White "Bortnyk, Olexandr"]
[Black "Hakobyan, Aram"]
[WhiteFideId "14120828"]
[BlackFideId "13306677"]
[WhiteElo "2723"]
[BlackElo "2563"]
[Result "1/2-1/2"]
[Round "06"]
[TimeControl "180+1"]
[Date "2022.10.04"]
[WhiteClock "0:00:04"]
[BlackClock "0:00:04"]

1. d4 Nf6 2. Nc3 d5 3. Bf4 c5 4. e4 Nxe4 5. Nxe4 dxe4 6. dxc5 Qa5+ 7. Qd2 Qxc5 8. O-O-O Nc6 9. Be3 Qd6 10. Qc3 Qf6 11. Qd2 Bg4 12. f3 Rd8 13. Qe1 Rxd1+ 14. Qxd1 exf3 15. Nxf3 g6 16. h3 Qe6 17. Bf4 Bxf3 18. Qxf3 Bg7 19. Bb5 O-O 20. Bxc6 bxc6 21. Kb1 Qf6 22. c3 e5 23. Be3 Qe7 24. Rd1 e4 25. Qe2 Rb8 26. Qc4 Qb7 27. Rd2 a5 28. a4 h5 29. Ka2 Re8 30. Rd6 Rb8 31. b3 Qe7 32. Rxg6 Kh7 33. Rxc6 Bf8 34. Bc5 Qd7 35. Qxe4+ f5 36. Qf3 Qd2+ 37. Ka3 Qc1+ 38. Ka2 Qc2+ 39. Ka1 Qc1+ 40. Ka2 Qc2+ 41. Ka1 Qc1+ 42. Ka2 1/2-1/2


[Site "https://www.chess.com"]